 Dungeon Crawl Stone Soup version 0.31-a0-844-gdc52ec4e09 (webtiles) character file.

Game seed: 8775869092032547800

5785 CowFu the Basher (level 10, -2/58 HPs)
             Began as a Gargoyle Fighter on Sept 29, 2023.
             Was an Elder of the Shining One.
             Slain by an orc warlord
             ... wielding a +9 battleaxe
              (24 damage)
             ... in a bailey.
             The game lasted 00:13:16 (7921 turns).

CowFu the Basher (Gargoyle Fighter)                 Turns: 7921, Time: 00:13:17

Health: -2/58      AC: 24    Str: 30    XL:     10   Next: 78%
Magic:  0/12       EV:  8    Int:  9    God:    the Shining One [****..]
Gold:   564        SH:  4    Dex:  9    Spells: 9/9 levels left

rFire   + . .        a - +0 flail
rCold   . . .        c - +0 buckler
rNeg    + + +        l - +4 chain mail {rF+}
rPois   ∞            p - +2 hat
rElec   +            z - +0 cloak
rCorr   .            (no gloves)
SInv    .            (no boots)
Will    .....        s - amulet of guardian spirit Stlth
                     j - +6 ring of strength
HPRegen 0.29/turn    (no ring)
MPRegen 0.13/turn

%: guardian spirit
@: glowing
A: sickness immunity, AC +7, negative energy resistance 1, electricity
resistance, torment resistance 1, petrification resistance
a: Renounce Religion, Divine Shield, Cleansing Flame


You were in a bailey.
You worshipped the Shining One.
The Shining One was greatly pleased with you.
You visited 1 branch of the dungeon, and saw 10 of its levels.
You also visited: Ossuary and Bailey.

You collected 724 gold pieces.
You spent 160 gold pieces at shops.

Inventory:

Hand Weapons
 a - a +0 flail (weapon)
 b - a +2 whip of venom
Armour
 c - a +0 buckler (worn)
 d - +0 acid dragon scales
 l - a +4 chain mail of fire resistance (worn)
 p - a +2 hat (worn)
 z - a +0 cloak (worn)
Jewellery
 j - a +6 ring of strength (left hand)
 k - an amulet of magic regeneration
 s - an amulet of guardian spirit (around neck)
Wands
 e - a wand of charming (7)
 q - a wand of roots (3)
 x - a wand of flame (36)
 y - a wand of light (4)
Scrolls
 f - 4 scrolls of teleportation
 g - 3 scrolls of amnesia
 h - 2 scrolls of fog
 m - a scroll of fear
 C - 2 scrolls of blinking
Potions
 i - 2 potions of cancellation
 o - 2 potions of enlightenment
 r - 2 potions of curing
 t - a potion of resistance
 u - 3 potions of brilliance
 v - 3 potions of haste
 A - 2 potions of invisibility
 B - a potion of magic {unknown}
 D - a potion of mutation {unknown}


   Skills:
 + Level 4.8 Fighting
 - Level 14.0 Maces & Flails
 + Level 4.8 Armour
 + Level 4.9 Shields
 + Level 3.4 Invocations
 + Level 2.7 Evocations


You had 9 spell levels left.
You didn't know any spells.
Your spell library contained the following spells:

 Spells                   Type           Power      Damage    Failure   Level
 Scorch                   Fire           0%         2d5       95%         2
 Call Canine Familiar     Summ           0%         N/A       99%         3
 Sigil of Binding         Hex            0%         N/A       99%         3
 Volatile Blastmotes      Fire/Tloc      0%         2d10      99%         3
 Dimensional Bullseye     Hex/Tloc       0%         N/A       100%        4
 Flame Wave               Conj/Fire      0%         2d4       100%        4
 Fulminant Prism          Conj/Hex       0%         3d5       100%        4
 Iskenderun's Mystic Bla  Conj/Tloc      0%         2d3       100%        4
 Leda's Liquefaction      Hex/Erth       0%         N/A       100%        4
 Summon Cactus Giant      Summ           0%         N/A       100%        6


Dungeon Overview and Level Annotations

Branches:
Dungeon (10/15)            Temple (0/1) D:6         Ossuary (visited)
 Bailey (1/1)
   Lair: D:8-11         Orc: D:9-12

Altars:
Fedhas
Gozag
Hepliaklqana
Kikubaaqudgha
Makhleb
Nemelex Xobeh
Okawaru
Sif Muna
Trog
Uskayaw
Vehumet
Xom
Yredelemnul
The Shining One

Shops:
D:3 ?   D:4 (   D:9 *

Annotations:
D:9 2 runed translucent doors, justen's ghost, novice DrBe
D:10 Grum


Innate Abilities, Weirdness & Mutations

You are immune to sickness and miasma.
Your stone body is resilient. (AC +7)
You are immune to poison.
You resist negative energy. (rN+)
You are resistant to electric shocks. (rElec)
You are resistant to unholy torment.
You are immune to petrification.


Message History

You feel aware of your surroundings.
It was a scroll of revelation.
As you read the scroll labelled FUAL GIMEBB, it crumbles to dust.
Wisps of shadow whirl around you...
Your orc priest dissolves into shadows!
It was a scroll of summoning.
You open the gate.
Your orc hits the orc warlord with a +0 short sword.
You hit the orc warlord.
The orc warlord is lightly wounded.
The orc warlord hits you but does no damage.
The orc warlord hits your orc with a +9 battleaxe!
Your orc dies!
Your orc's corpse dissolves into shadows!
The orc warlord hits your orc with a +9 battleaxe!!
Your orc dies!
Your orc's corpse dissolves into shadows!
You sock the orc warlord!
The orc warlord is lightly wounded.
You barely miss the orc warlord.
The orc warlord is lightly wounded.
The orc warlord hits you with a +9 battleaxe!!
You feel much better.
The orc warlord hits you with a +9 battleaxe!
The orc warlord hits your orc with a +9 battleaxe!
Your orc dies!
Your orc's corpse dissolves into shadows!
You hit the orc warlord but do no damage.
The orc warlord is lightly wounded.
The orc warlord hits you with a +9 battleaxe.
Aiming: Throw Flame
Press: ? - help, Shift-Dir - straight line, f - orc warlord
Aim: an orc warlord, wielding a +9 battleaxe and wearing a +0 chain mail (lightly wounded, haloed, 86% to hit)
The puff of flame hits the orc warlord!
The orc warlord is moderately wounded.
The orc warlord hits you with a +9 battleaxe!!
As you read the scroll of fear, it crumbles to dust.
You assume a fearsome visage.
The orc warlord resists with almost no effort.
The orc warlord hits you with a +9 battleaxe!!
You die...

#..........).....'....8
##...8...(..#########...
###.....)####~~~*~~~##..
####.....#~~#~.,,..=~#..
#####....#~.....,..!~#..
#####...##~8.8...8.8##..
#####...'~~........o#...
#####...'~~....∩....#...
#####..@o~~.........#...
#####..)##~8.8...8.8##..
#####....#~........?~#..
####.....#~~#~.....=~#..
###......####~~~*~~~##..
##...8...)..#########...
##..........'...).'....8
##..........#~~~~~#.....
##..8..8...#~(~~~#.....


You could see an orc warlord.

Vanquished Creatures
  The ghost of arvidsem the Chopper, a novice MiFi of Hepliaklqana (D:5)
  Jeremiah (D:7)
  Maggie (D:6)
  Psyche (D:8)
  2 trolls
  Sigmund (D:5)
  3 wyverns (D:9)
  Menkaure (D:4)
  An acid dragon (D:10)
  2 water moccasins
  2 black bears
  An ice beast (D:5)
  7 orc warriors
  An ogre (D:7)
  2 phantoms
  4 centaurs
  A kobold brigand (D:8)
  An elf zombie (Ossuary)
  2 gnoll sergeants
  2 bullfrogs
  3 scorpions
  A killer bee (D:9)
  3 howler monkeys
  2 centaur zombies (Ossuary)
  2 human zombies (Ossuary)
  3 hounds
  A jelly (D:6)
  A gnoll bouda (D:9)
  3 orc priests
  Crazy Yiuf (D:7)
  2 sleepcaps
  Terence (D:2)
  4 orc wizards
  2 mummies (Ossuary)
  12 gnolls
  9 adders
  2 shadow imps
  3 white imps
  An ufetubus (D:4)
  An adder zombie (Ossuary)
  3 worms
  5 dart slugs
  27 orcs
  6 bats
  5 endoplasms
  3 giant cockroaches
  16 goblins
  12 hobgoblins
  2 quokkas
  7 ball pythons
  2 frilled lizards (D:3)
  2 goblin skeletons (D:4)
  4 goblin zombies
  10 hobgoblin zombies
  A jackal zombie (Ossuary)
  17 kobolds
  8 kobold zombies
  11 orc zombies
  6 rats
  3 rat zombies (Ossuary)
244 creatures vanquished.

Notes
Turn   | Place    | Note
-------+----------+-------------------------------------------
     0 | D:1      | CowFu the Gargoyle Fighter began the quest for the Orb.
     0 | D:1      | Reached XP level 1. HP: 14/14 MP: 1/1
   225 | D:1      | Reached XP level 2. HP: 19/19 MP: 2/2
   387 | D:1      | Reached skill level 3 in Maces & Flails
   601 | D:1      | Reached XP level 3. HP: 23/23 MP: 3/3
  1023 | D:2      | Reached skill level 4 in Maces & Flails
  1024 | D:2      | Found a faded altar of an unknown god.
  1100 | D:2      | Reached XP level 4. HP: 20/28 MP: 4/4
  1170 | D:2      | Noticed Terence
  1179 | D:2      | Killed Terence
  1581 | D:2      | Reached skill level 5 in Maces & Flails
  1581 | D:2      | Reached XP level 5. HP: 26/32 MP: 5/5
  1643 | D:3      | Found a shimmering altar of Xom.
  2107 | D:3      | Found a basalt altar of Yredelemnul.
  2109 | D:3      | Found a hide-covered altar of Uskayaw.
  2205 | D:3      | Found a sparkling altar of Nemelex Xobeh.
  2273 | D:3      | Found Zerull's Magic Scroll Shoppe.
  2279 | D:3      | Bought a scroll of teleportation for 33 gold pieces
  2279 | D:3      | Bought a scroll of identify for 22 gold pieces
  2346 | D:4      | Found Oray's Antique Weapon Boutique.
  2368 | D:4      | Found a glowing golden altar of the Shining One.
  2383 | D:4      | Became a worshipper of the Shining One
  2493 | D:4      | Reached skill level 6 in Maces & Flails
  2581 | D:4      | Found an opulent altar of Gozag.
  2585 | D:4      | Reached XP level 6. HP: 37/37 MP: 6/6
  2641 | D:4      | Found a bloodstained altar of Trog.
  2654 | D:4      | Noticed Menkaure
  2661 | D:4      | Killed Menkaure
  2682 | D:4      | Reached skill level 7 in Maces & Flails
  3132 | D:5      | Entered Level 5 of the Dungeon
  3132 | D:5      | Found an iron altar of Okawaru.
  3138 | D:5      | Found a sand-covered staircase.
  3167 | Ossuary  | Entered an ossuary
  3180 | Ossuary  | Reached * piety under the Shining One
  3209 | Ossuary  | Reached XP level 7. HP: 41/41 MP: 7/7
  3220 | Ossuary  | Reached ** piety under the Shining One
  3342 | Ossuary  | Reached skill level 8 in Maces & Flails
  3345 | Ossuary  | Reached *** piety under the Shining One
  3505 | D:5      | Noticed Sigmund
  3545 | D:5      | Killed Sigmund
  3546 | D:5      | Reached skill level 9 in Maces & Flails
  3546 | D:5      | Reached XP level 8. HP: 25/46 MP: 5/8
  3729 | D:5      | Reached skill level 10 in Maces & Flails
  3818 | D:5      | Reached **** piety under the Shining One
  3864 | D:5      | Found a burning altar of Makhleb.
  3917 | D:5      | Found a blossoming altar of Fedhas.
  4055 | D:5      | Found a large runed translucent door.
  4055 | D:5      | Found a large runed translucent door.
  4293 | D:5      | Noticed arvidsem's ghost (novice MiFi)
  4455 | D:5      | Killed arvidsem's ghost
  4456 | D:5      | Reached skill level 11 in Maces & Flails
  4456 | D:5      | Reached XP level 9. HP: 43/51 MP: 6/9
  4566 | D:6      | Found a staircase to the Ecumenical Temple.
  4783 | D:6      | Noticed Maggie
  4810 | D:6      | Killed Maggie
  4811 | D:6      | Reached skill level 12 in Maces & Flails
  5361 | D:7      | Noticed Jeremiah
  5473 | D:7      | Killed Jeremiah
  5474 | D:7      | Reached skill level 13 in Maces & Flails
  5665 | D:7      | Identified the +6 whip "Eseas" {drain, Contam rElec Dex+4}
  5816 | D:7      | Found a runed translucent door.
  5817 | D:7      | Noticed Crazy Yiuf
  5991 | D:7      | Reached XP level 10. HP: 53/56 MP: 10/10
  6070 | D:7      | Killed Crazy Yiuf
  6207 | D:8      | Found a shimmering blue altar of Sif Muna.
  6297 | D:8      | Reached skill level 14 in Maces & Flails
  6402 | D:8      | Found an ancient bone altar of Kikubaaqudgha.
  6439 | D:8      | Reached skill level 1 in Invocations
  6704 | D:8      | Noticed Psyche
  6726 | D:8      | Killed Psyche
  6727 | D:8      | Reached skill level 1 in Evocations
  6883 | D:8      | Found a hazy altar of Hepliaklqana.
  6911 | D:9      | Found a radiant altar of Vehumet.
  6939 | D:9      | Found a large runed translucent door.
  6940 | D:9      | Found a large runed translucent door.
  6943 | D:9      | Noticed justen's ghost (novice DrBe)
  7191 | D:9      | Found Meeklahi's General Store.
  7198 | D:9      | Bought a scroll of blinking for 105 gold pieces
  7435 | D:10     | Entered Level 10 of the Dungeon
  7505 | D:10     | Noticed Grum
  7517 | D:10     | Found a flagged portal.
  7531 | D:10     | Identified the +4 hand axe of Roc Wuoc {venom, Int+2}
  7534 | Bailey   | Entered a bailey
  7624 | Bailey   | Noticed an orc warlord
  7808 | Bailey   | Found a runed translucent gate.
  7815 | Bailey   | Found a runed translucent gate.
  7816 | Bailey   | Found a runed translucent gate.
  7921 | Bailey   | Slain by an orc warlord

Illustrated notes

Levels and vault maps discovered:
D:1:      amcnicky_arrival_underground_garden, layout_basic, minivault_4
D:2:      layout_loops_ring, ebering_ecumenical_altar_rust, dk_noncrumbling_3,
          minmay_goblin_outpost, uniq_terence
D:3:      layout_loops_ring, xom_teletrap_fun,
          gammafunk_temple_overflow_forgotten, serial_shops, shop,
          item_on_display_a
D:4:      layout_basic, mainiacjoe_overflow_brackets,
          nicolae_gozag_seed_capital, nicolae_tso_besieged_by_evil,
          serial_shops, kennysheep_mini, nicolae_concentric_dashed_squares_wild,
          minivault_1, grunt_decor_arrowhead, uniq_menkaure
D:5:      layout_rooms, mainiacjoe_overflow_concentric_impassable,
          mainiacjoe_overflow_catwalk, lemuel_tele_altar,
          nicolae_ossuary_entry_false_entrances, ebering_ghost_disaster_area,
          hangedman_abyss_or_decor_stagger, serial_bayou_pond_c, uniq_sigmund
D:6:      layout_gridville, minmay_temple_entry_overgrown, uniq_maggie
D:7:      layout_cave_pools, uniq_jeremiah, uniq_crazy_yiuf_cottage
D:8:      layout_rooms, mainiacjoe_overflow_small_starburst,
          kiku_gazebo_garden_becter, mainiacjoe_overflow_alcove_1, uniq_psyche
D:9:      minmay_the_grid_triangle_9x9_recursive_2
          [minmay_the_grid_triangle_9x9_prize_top_heavy,
          minmay_the_grid_triangle_9x9_steps,
          minmay_the_grid_triangle_9x9_descending_squares,
          minmay_the_grid_triangle_9x9_sparse_checkered], layout_loops_ring,
          nicolae_vehumet_altar_sigil, nicolae_elyvilon_temple_path,
          ebering_ghost_disaster_area, serial_shops, shop,
          hangedman_tell_no_tales, uniq_harold
D:10:     layout_roguey [special_room_orc], enter_bailey_2, uniq_grum
Bailey:   bailey_axe_bossmonster_kennysheep, bailey

Skill      XL: |  1  2  3  4  5  6  7  8  9 10 |
---------------+-------------------------------+-----
Maces & Flails | 3 4 5 6 7 9 11 13 14 | 14.0
Invocations    | 3 |  3.4
Evocations     | 2 |  2.7
Shields        | 4 |  4.9
Fighting       | 4 |  4.8
Armour         | 4 |  4.8

Action                     |  1- 3 |  4- 6 |  7- 9 | 10-12 || total
---------------------------+-------+-------+-------+-------++-------
  Melee: Flail             |    13 |     6 |   236 |   253 ||   508
         Whip              |    81 |   180 |    84 |       ||   345
  Evoke: Wand              |       |       |       |     1 ||     1
    Use: Scroll            |       |     1 |    12 |    11 ||    24
         Potion            |       |       |     2 |     4 ||     6
 Armour: Scale mail        |    54 |     6 |       |       ||    60
         Chain mail        |       |   120 |   212 |   219 ||   551
  Dodge: Dodged            |    24 |    56 |    83 |    92 ||   255
  Block: Buckler           |    16 |    28 |    41 |    44 ||   129

Table legend: (Time is in decaauts)
 A = Elapsed time spent in this place.
 B = Non-inter-level travel time spent in this place.
 C = Inter-level travel time spent in this place.
 D = Time resting spent in this place.
 E = Time spent auto-exploring this place.
 F = Levels seen in this place.
 G = Mean time per level.
                   A        B        C        D        E       F      G
               +--------+--------+--------+--------+--------+-----+--------+
         Total |   7758 |   7442 |    316 |      0 |   5627 |  12 |  646.5 |
       Dungeon |   7092 |   6776 |    316 |      0 |   5317 |  10 |  709.2 |
       Ossuary |    290 |    290 |      0 |      0 |    116 |   1 |  290.0 |
        Bailey |    375 |    375 |      0 |      0 |    194 |   1 |  375.0 |
               +--------+--------+--------+--------+--------+-----+--------+

Top non-repeatable levels by time:
     D:5: 1030 daAuts
     D:6: 922 daAuts
     D:2: 840 daAuts
     D:1: 779 daAuts
     D:4: 775 daAuts
     D:8: 754 daAuts
     D:3: 710 daAuts
     D:7: 683 daAuts
     D:9: 505 daAuts
  Bailey: 375 daAuts
 Ossuary: 290 daAuts
    D:10: 91 daAuts
